[Event "Early-Titled-Tuesday-Blitz-March-19-2024"]
[Site "Chess.com"]
[Date "2024.03.19"]
[Round "5"]
[White "AlexOstrovskiy"]
[Black "Chopper1905"]
[Result "0-1"]
[WhiteElo "2746"]
[BlackElo "2959"]
[TimeControl "180+1"]
[EndTime "8:57:02 PDT"]
[Termination "Chopper1905 won on time"]

1. e4 e5 2. Nc3 Nf6 3. d4 exd4 4. Qxd4 Nc6 5. Qd3 Bc5 6. Bg5 Bxf2+ 7. Kxf2 Ng4+ 8.
Kg3 Qxg5 9. Nf3 Qg6 10. Nh4 Qf6 11. Nf3 Nce5 12. Nd5 Qd6 13. Nxe5 Nxe5 14. Qc3 c6 15. Nf4 h5 16. h4 Ng6 17. e5 Nxe5 18. Re1 f6 19.
Ng6 Rh6 20. Nxe5 fxe5 21. Bc4 e4+ 22. Kh3 Qg6 23. g3 d5+ 24. Kh2 dxc4 25. Qxc4 Be6 26. Qd4 Qf6 27. Qxe4 Qf2+ 0-1

[Event "Early-Titled-Tuesday-Blitz-March-19-2024"]
[Site "Chess.com"]
[Date "2024.03.19"]
[Round "5"]
[White "Lion-Al-Messi"]
[Black "esrosenberg"]
[Result "1-0"]
[WhiteElo "2625"]
[BlackElo "2452"]
[TimeControl "180+1"]
[EndTime "8:57:02 PDT"]
[Termination "Lion-Al-Messi won on time"]

1. e4 e6 2. d4 d5 3. exd5 exd5 4.
Bd3 c5 5. Nf3 c4 6. Be2 Nf6 7.
b3 cxb3 8. axb3 Bd6 9. O-O O-O 10. Bg5 h6 11. Bh4 Re8 12. c4 Be6 13. Nc3 Be7 14. Ne5 Nc6 15. Nxc6 bxc6 16. Na4 Ne4 17. Bxe7 Qxe7 18.
Bf3 Ng5 19. Nc5 Qf6 20. Be2 dxc4 21. bxc4 Red8 22. Qa4 Rxd4 23. Qxc6 Rad8 24. Nxe6 Nxe6 25. Rxa7 Rd2 26. Bf3 Qd4 27. Qb7 Qf6 28. Bd5 Rb2 29. Qc6 Rdb8 30. Ra8 Rxa8 31. Qxa8+ Kh7 32. Qa3 Nf4 33.
Qf3 Ne2+ 34. Kh1 Qxf3 35. Bxf3 f5 36. g3 Nd4 37. Bd5 Rc2 38. Kg2 Kg6 39. Rd1 Nb3 40. Rb1 Nd2 41. Rb6+ Kh7 42. Bf7 Nxc4 43. Bg6+ 1-0

[Event "Early-Titled-Tuesday-Blitz-March-19-2024"]
[Site "Chess.com"]
[Date "2024.03.19"]
[Round "5"]
[White "bobo_panda"]
[Black "Viktoker"]
[Result "1/2-1/2"]
[WhiteElo "2347"]
[BlackElo "2544"]
[TimeControl "180+1"]
[EndTime "8:57:05 PDT"]
[Termination "Game drawn by repetition"]

1. e4 c5 2. Nf3 d6 3. d4 cxd4 4. Nxd4 Nf6 5. Nc3 a6 6. h3 e5 7. Nde2 h5 8. Bg5 Be6 9. Bxf6 Qxf6 10. Nd5 Qd8 11. Nec3 Nd7 12. Bc4 g6 13. O-O Bg7 14. Bb3 O-O 15. f4 exf4 16. Nxf4 Bxb3 17. axb3 Ne5 18.
Ncd5 Qh4 19. Qd2 Bh6 20. Qd4 Rac8 21. c3 Kh7 22. Qb6 Rc6 23. Qxb7 Bxf4 24. Rxf4 Qd8 25. Raf1 Kg7 26. Rxf7+ Rxf7 27. Rxf7+ Nxf7 28. Qxc6 a5 29. Qc7 Qh4 30. Qe7 Qe1+ 31. Kh2 Qf2 32. Qe6 Ng5 33.
Qe7+ Nf7 34. b4 h4 35. bxa5 Qg3+ 36. Kg1 Qe1+ 37. Kh2 Qg3+ 38. Kg1 Qe1+ 39. Kh2 Qg3+ 1/2-1/2

[Event "Early-Titled-Tuesday-Blitz-March-19-2024"]
[Site "Chess.com"]
[Date "2024.03.19"]
[Round "5"]
[White "grandcoach"]
[Black "Kotofeyca"]
[Result "0-1"]
[WhiteElo "2253"]
[BlackElo "2453"]
[TimeControl "180+1"]
[EndTime "8:57:07 PDT"]
[Termination "Kotofeyca won on time"]

1. e4 c5 2. b4 cxb4 3. a3 d5 4. exd5 Nf6 5. Nf3 Nxd5 6. axb4 Nxb4 7. Bc4 Bf5 8. d3 e6 9. O-O N8c6 10. Ba3 Be7 11. c3 Nxd3 12. Bxe7 Nxe7 13. Nd4 Ne5 14. Qa4+ N5c6 15. Nxf5 Nxf5 16. Bb5 Ne7 17. Rd1 Qc7 18. Nd2 O-O 19. Qg4 Ne5 20. Qg3 Rfc8 21. Ne4 Qxc3 22.
Nxc3 Rxc3 23. Qxe5 Rcc8 24. Rd3 Ng6 25. Qd6 a6 26. Ba4 h6 27. Bb3 Rc6 28. Qd7 Rac8 29. Qxb7 Ne5 30. Rdd1 Rc3 31. Ba4 R8c7 32. Qb8+ Kh7 33.
Qb6 R7c4 0-1

[Event "Early-Titled-Tuesday-Blitz-March-19-2024"]
[Site "Chess.com"]
[Date "2024.03.19"]
[Round "5"]
[White "BashiqChess"]
[Black "RebecaJimnz"]
[Result "1-0"]
[WhiteElo "2453"]
[BlackElo "2255"]
[TimeControl "180+1"]
[EndTime "8:57:07 PDT"]
[Termination "BashiqChess won on time"]

1. Nf3 d5 2. b3 Nf6 3. Bb2 e6 4.
c4 Be7 5. e3 O-O 6. Be2 b6 7.
O-O Bb7 8. cxd5 exd5 9. d4 Nbd7 10. Nc3 Ne4 11. Nxe4 dxe4 12. Ne5 Bf6 13. Rc1 c5 14. Nxd7 Qxd7 15. Ba3 cxd4 16. Bxf8 Rxf8 17. exd4 Bxd4 18. Bc4 Rd8 19. Qe2 Qf5 20. Rfd1 Qg5 21. Bxf7+ Kxf7 22. Rc7+ Kg8 23. Rxb7 Bxf2+ 24. Kxf2 Qc5+ 25. Qe3 Qxe3+ 26. Kxe3 Rxd1 27. Rxa7 Re1+ 28. Kf2 1-0

[Event "Early-Titled-Tuesday-Blitz-March-19-2024"]
[Site "Chess.com"]
[Date "2024.03.19"]
[Round "5"]
[White "RianKapriaga"]
[Black "TimGrutter03"]
[Result "0-1"]
[WhiteElo "2341"]
[BlackElo "2559"]
[TimeControl "180+1"]
[EndTime "8:57:08 PDT"]
[Termination "TimGrutter03 won on time"]

1. d4 Nf6 2. Nf3 d5 3. Bf4 e6 4. e3 Bd6 5. Bg3 O-O 6. Nbd2 Qe7 7. Bd3 Nbd7 8. Ne5 c5 9. c3 Rd8 10. O-O Nf8 11. Qe2 Ng6 12. Nxg6 hxg6 13. Bxd6 Qxd6 14.
f4 b6 15. Rf3 Bb7 16. Rh3 Ne4 17. Nf3 cxd4 18. cxd4 Rac8 19. Bxe4 dxe4 20. Ne5 Rc7 21. Qe1 Qe7 22. g4 g5 23. f5 Rc2 24. Rc1 Rxc1 25.
Qxc1 Rc8 26. Qd2 a5 27. a3 Bd5 28. Rh5 Qc7 29. fxe6 Bxe6 30. Rxg5 Qc1+ 31. Qxc1 Rxc1+ 32. Kf2 f6 33. Rg6 Bf7 34. h4 Bxg6 35. Nxg6 Rc2+ 36. Kg3 Rxb2 37. Kf4 b5 38. Ne7+ Kf7 39. Nc6 b4 40. axb4 a4 0-1

[Event "Early-Titled-Tuesday-Blitz-March-19-2024"]
[Site "Chess.com"]
[Date "2024.03.19"]
[Round "5"]
[White "ninguno46"]
[Black "Chessbard1972"]
[Result "1-0"]
[WhiteElo "2537"]
[BlackElo "2329"]
[TimeControl "180+1"]
[EndTime "8:57:08 PDT"]
[Termination "ninguno46 won on time"]

1. e4 c5 2. Nc3 a6 3. Nge2 e6 4. g3 b5 5. Bg2 Bb7 6. d3 Nc6 7.
O-O b4 8. Na4 d5 9. exd5 exd5 10. Nf4 Nf6 11. Re1+ Be7 12. Nxc5 Bc8 13. Nb3 O-O 14.
Be3 Bg4 15. Qd2 Rc8 16. Nd4 Ne5 17. f3 Bd7 18. Bf2 Bd6 19. h4 Re8 20. Re2 h6 21. h5 a5 22. Rae1 Qc7 23. Qd1 a4 24. b3 a3 25. Qd2 Qa5 26. Kh2 Rc3 27. Bh3 Qc7 28. Bxd7 Qxd7 29. Kg2 Qc7 30. Nb5 Qd7 31. Nxc3 bxc3 32. Qxc3 Rc8 33. Qd4 Nc6 34. Qb6 Bb4 35. Rh1 Rb8 36. Qe3 d4 37. Qc1 Nd5 38. Nxd5 Qxd5 39. Qf4 Bd6 40. Qe4 Qc5 41. f4 Rd8 42. c4 Bf8 43. g4 Nb4 44. Rhe1 Nc6 45. Qf3 Qb4 46. Re8 Rxe8 47. Rxe8 Qd6 48. Bg3 Qd7 49. Qe4 Nb4 50. f5 Nc2 51. Qa8 Ne3+ 52. Kf3 1-0

[Event "Early-Titled-Tuesday-Blitz-March-19-2024"]
[Site "Chess.com"]
[Date "2024.03.19"]
[Round "5"]
[White "Al_Shima"]
[Black "vladgoncharov"]
[Result "1-0"]
[WhiteElo "2470"]
[BlackElo "2610"]
[TimeControl "180+1"]
[EndTime "8:57:09 PDT"]
[Termination "Al_Shima won on time"]

1. d4 Nf6 2. c4 e6 3. Nc3 d5 4. Bg5 Bb4 5. e3 c5 6. a3 Bxc3+ 7. bxc3 Qa5 8. Ne2 Ne4 9. Bh4 Nc6 10. f3 Nxc3 11.
Qd2 cxd4 12. Nxd4 Nxd4 13. exd4 b6 14. Rc1 Na4 15. Qxa5 bxa5 16. cxd5 exd5 17. Rc7 O-O 18. Bb5 Nb6 19. Be7 Be6 20. Bxf8 Kxf8 21. Kf2 Nc8 22. Rhc1 Rb8 23. a4 a6 24. Bxa6 Nd6 25. R7c5 Rb4 26. Rxa5 Nf5 27. Bc8 Rb2+ 28. Kg1 Nxd4 29. Kf1 Ne2 30. Rc7 Bxc8 31. Rxc8+ Ke7 32. Rxd5 Nf4 33.
Re5+ 1-0

[Event "Early-Titled-Tuesday-Blitz-March-19-2024"]
[Site "Chess.com"]
[Date "2024.03.19"]
[Round "5"]
[White "Pingah9"]
[Black "arnash_bauyrzhan"]
[Result "0-1"]
[WhiteElo "2572"]
[BlackElo "2368"]
[TimeControl "180+1"]
[EndTime "8:57:09 PDT"]
[Termination "arnash_bauyrzhan won by checkmate"]

1. e4 c5 2. Nc3 d6 3. g3 g6 4. Bg2 Bg7 5. d3 Nc6 6. Be3 e6 7. Qd2 Nd4 8. Nge2 Ne7 9. O-O O-O 10. Nd1 f5 11. a4 Qc7 12. Nc1 e5 13. c3 Ne6 14.
Ne2 Bd7 15. Bh6 f4 16. Bxg7 Kxg7 17. gxf4 Nxf4 18. Nxf4 Rxf4 19. Ne3 Raf8 20. Kh1 Qc8 21. d4 Bh3 22. dxe5 dxe5 23. Qd6 Qe6 24. Qxc5 Bxg2+ 25. Nxg2 Rxe4 26. Rad1 b6 27. Qc7 Rf7 28. Rd7 Nd5 29.
Rxf7+ Qxf7 30. Qd6 Nf4 31. Ne3 Nh3 32. Qd5 Qf3+ 33.
Ng2 Nxf2+ 34. Rxf2 Re1+ 35. Rf1 Rxf1# 0-1

[Event "Early-Titled-Tuesday-Blitz-March-19-2024"]
[Site "Chess.com"]
[Date "2024.03.19"]
[Round "5"]
[White "gorgeous1083"]
[Black "HanSchut"]
[Result "1-0"]
[WhiteElo "2078"]
[BlackElo "2297"]
[TimeControl "180+1"]
[EndTime "8:57:09 PDT"]
[Termination "gorgeous1083 won on time"]

1. d4 Nf6 2. c4 g6 3. Nc3 d5 4. cxd5 Nxd5 5. e4 Nxc3 6. bxc3 Bg7 7. h3 c5 8. Nf3 Nc6 9. Be3 Qa5 10. Bd2 Qd8 11.
Be3 O-O 12. Be2 cxd4 13. cxd4 Qa5+ 14. Bd2 Qa3 15. d5 Bxa1 16. Qxa1 Nb4 17. O-O Rd8 18. Bh6 f6 19. Nd4 Bd7 20. Bc4 Kh8 21. e5 Rac8 22.
Bb3 Nd3 23. exf6 exf6 24. Ne6 Ne5 25. f4 Bxe6 26. dxe6 Qc5+ 27. Kh1 Qd4 28. Qxd4 Rxd4 29. fxe5 fxe5 30. Rf7 Rdd8 31. Bg7+ Kg8 32. Bxe5 Re8 33.
Rg7+ Kf8 34. Rf7+ Kg8 35. Rxb7 Rc6 36. e7+ 1-0

[Event "Early-Titled-Tuesday-Blitz-March-19-2024"]
[Site "Chess.com"]
[Date "2024.03.19"]
[Round "5"]
[White "Josgar05"]
[Black "JonasEilenberg"]
[Result "1-0"]
[WhiteElo "2365"]
[BlackElo "2566"]
[TimeControl "180+1"]
[EndTime "8:57:12 PDT"]
[Termination "Josgar05 won by resignation"]

1. Nf3 e6 2. b3 c5 3. Bb2 Nf6 4. c4 Be7 5. e3 O-O 6. Be2 b6 7. d4 cxd4 8. exd4 d5 9. O-O Bb7 10.
Nbd2 Nbd7 11. Rc1 Rc8 12. Re1 dxc4 13. bxc4 h6 14. Bd3 Bd6 15. Bb1 Bf4 16. g3 Bxf3 17. Nxf3 Bxc1 18. Qxc1 Qc7 19. Ne5 Nxe5 20. dxe5 Nd7 21.
Qc2 g6 22. Qd2 Kg7 23. h4 Rcd8 24. Qf4 Nc5 25. h5 Nd3 26. Qf6+ Kg8 27. Bxd3 Rxd3 28. hxg6 Qc5 29. Kg2 Rd7 30. g7 Rd2 31. Ba3 Qxf2+ 32. Qxf2 Rxf2+ 33. Kxf2 Rc8 34. Bf8 Rxc4 35. Rh1 Rc2+ 36.
Ke3 Rc3+ 37. Kd4 Rxg3 38. Rxh6 Rg4+ 39. Kc3 Rg3+ 40. Kb4 a5+ 41. Kb5 Rxg7 42. Bxg7 Kxg7 43. Rh3 f6 44. exf6+ 1-0

[Event "Early-Titled-Tuesday-Blitz-March-19-2024"]
[Site "Chess.com"]
[Date "2024.03.19"]
[Round "5"]
[White "azikom"]
[Black "yonaltimur"]
[Result "1-0"]
[WhiteElo "2613"]
[BlackElo "2344"]
[TimeControl "180+1"]
[EndTime "8:57:12 PDT"]
[Termination "azikom won by resignation"]

1. c4 e5 2. Nc3 Nf6 3. e3 d5 4.
cxd5 Nxd5 5. Nf3 Nc6 6. a3 Be7 7. Qc2 O-O 8. b4 a6 9. Bb2 Be6 10. Ne4 f6 11. Be2 Qd7 12. Nc5 Bxc5 13. Qxc5 Rfd8 14.
O-O Nb6 15. Qc2 Qf7 16. d3 Rd7 17. Nd2 f5 18. Rac1 Rad8 19. Nf3 Bb3 20. Qb1 Re8 21. Rxc6 bxc6 22. Nxe5 Rxe5 23. Bxe5 Bd5 24. Rc1 Qg6 25. f3 Qh6 26. Bf4 g5 27. Bg3 Re7 28. e4 Bf7 29. Bf1 fxe4 30. dxe4 Rd7 31. Qc2 g4 32. f4 Qd6 33. Qc5 Qd4+ 34. Qxd4 Rxd4 35.
Rxc6 Rxe4 36. Rxc7 Re3 37. Bf2 Re6 38. f5 Rh6 39. Be3 Rd6 40. Bc5 Rf6 41. Bd4 Rd6 42.
Be5 Rd1 43. Kf2 Rd2+ 44. Ke1 Rd5 45. Rc5 Rxc5 46. bxc5 Nd7 47. Bd4 Bd5 48. g3 Kf7 49. Bxa6 Ke7 50. Bb5 Nb8 51. a4 Nc6 52. Bxc6 Bxc6 53.
a5 Bb5 54. Kd2 Kd7 55. Ke3 1-0

[Event "Early-Titled-Tuesday-Blitz-March-19-2024"]
[Site "Chess.com"]
[Date "2024.03.19"]
[Round "5"]
[White "DrCeltic"]
[Black "NowInChess"]
[Result "1-0"]
[WhiteElo "2576"]
[BlackElo "2265"]
[TimeControl "180+1"]
[EndTime "8:57:13 PDT"]
[Termination "DrCeltic won on time"]

1. e4 e6 2. d4 d5 3. Nc3 Nc6 4. a3 Nf6 5. Bg5 dxe4 6. Bb5 Bd7 7. Nxe4 Be7 8. Nxf6+ Bxf6 9. Bxf6 Qxf6 10. Nf3 a6 11. Ba4 O-O 12. O-O Rad8 13. c3 b5 14. Bc2 Bc8 15. Qd3 g6 16. a4 b4 17. Qc4 Bb7 18. Be4 Na5 19. Qe2 Bxe4 20. Qxe4 bxc3 21. bxc3 c5 22.
Ne5 cxd4 23. cxd4 Rd5 24. Ra3 Rfd8 25. Rf3 Qg5 26. Nxf7 Qe7 27. Nxd8 Rxd8 28. Re1 Rd6 29. d5 e5 30. h4 Qd8 31. Qxe5 Rxd5 32. Qe6+ Kh8 33. Rf7 Rd1 34. Rxd1 Qxd1+ 35. Kh2 Qd6+ 36. Qxd6 1-0

[Event "Early-Titled-Tuesday-Blitz-March-19-2024"]
[Site "Chess.com"]
[Date "2024.03.19"]
[Round "5"]
[White "Tol_Tol"]
[Black "campochess"]
[Result "0-1"]
[WhiteElo "2371"]
[BlackElo "2194"]
[TimeControl "180+1"]
[EndTime "8:57:13 PDT"]
[Termination "campochess won on time"]

1. d4 Nf6 2. c4 e6 3. Nc3 Bb4 4. e3 c5 5. Bd3 cxd4 6. exd4 Nc6 7. Nf3 d5 8. c5 O-O 9. O-O b6 10. a3 Bxc3 11. bxc3 bxc5 12. Ne5 Bd7 13. Bg5 h6 14. Bxf6 gxf6 15. Ng4 Kg7 16. Qd2 Rh8 17. Bb5 f5 18. Bxc6 Bxc6 19. Ne5 Bb5 20. Rfe1 Rc8 21. Re3 Qf6 22.
Rg3+ Kh7 23. a4 Be8 24. Re1 Rg8 25. Rb1 Rxg3 26. hxg3 Bxa4 27. Rb7 Be8 28. Rxa7 cxd4 29.
cxd4 Kg8 30. Qf4 Qg5 31. f3 Qxf4 32. gxf4 Kg7 33. Kh2 Kf6 34. Kh3 Rc1 35. Ra8 Ke7 36. g4 fxg4+ 37. fxg4 Rd1 38. Ra7+ Kf8 39. g5 hxg5 40.
fxg5 Rxd4 41. Ng4 Ra4 42. Kh4 Rxa7 0-1

[Event "Early-Titled-Tuesday-Blitz-March-19-2024"]
[Site "Chess.com"]
[Date "2024.03.19"]
[Round "5"]
[White "AlexanderKing"]
[Black "Happy1712Drummer"]
[Result "1-0"]
[WhiteElo "2627"]
[BlackElo "2459"]
[TimeControl "180+1"]
[EndTime "8:57:14 PDT"]
[Termination "AlexanderKing won on time"]

1. c4 c5 2. Nf3 Nc6 3. Nc3 g6 4. e3 Nf6 5. d4 cxd4 6. exd4 d5 7.
cxd5 Nxd5 8. Qb3 Nxc3 9. Bc4 Nd5 10. Bxd5 e6 11. Bxc6+ bxc6 12. O-O Qd5 13. Qc2 f6 14.
Bf4 Kf7 15. Rac1 Bd7 16. b3 Bg7 17. Rfe1 Rhe8 18. Re3 g5 19. Bg3 h5 20. h4 g4 21. Nd2 Rh8 22. Bf4 Rad8 23. Ne4 Kg8 24. Rd1 Be8 25. Ree1 Bg6 26. Nxf6+ Kf7 27. Qxg6+ Kxg6 28. Nxd5 exd5 29. Re6+ Kh7 30. Rxc6 Rhe8 31. Rc7 Kg6 32.
Rxa7 Re4 33. Bg5 1-0

[Event "Early-Titled-Tuesday-Blitz-March-19-2024"]
[Site "Chess.com"]
[Date "2024.03.19"]
[Round "5"]
[White "Preobrazhenska_D2011"]
[Black "bubeliang"]
[Result "0-1"]
[WhiteElo "2481"]
[BlackElo "2798"]
[TimeControl "180+1"]
[EndTime "8:57:17 PDT"]
[Termination "bubeliang won by checkmate"]

1. e4 c6 2. d4 d5 3. e5 c5 4. dxc5 e6 5. Bd3 Nd7 6. Nf3 Bxc5 7. O-O Ne7 8. a3 a5 9. Nc3 Ng6 10. Re1 O-O 11. Bg5 Qc7 12. Qe2 f6 13. exf6 Nxf6 14. Bxg6 hxg6 15. Qd3 Ng4 16. Nb5 Bxf2+ 17. Kh1 Qb6 18.
Rf1 Bd7 19. Nbd4 e5 20. Ne2 Be6 21. Nd2 e4 22. Qb3 Qxb3 23. Nxb3 Ne3 24. Bxe3 Bxe3 25. Nbd4 Bg4 26. h3 Bxe2 27. Nxe2 Rac8 28. Rfd1 Rxc2 29. Ng3 Rff2 30. Rg1 Rfd2 31. Nf1 Bxg1 32. Nxd2 Rxd2 33. Kxg1 e3 34. Re1 d4 35. b4 axb4 36. axb4 e2 37. Kf2 d3 38. b5 Rd1 39. b6 Rxe1 40. Kxe1 Kf7 41. Kd2 Ke6 42. g4 Ke5 43. h4 Ke4 44.
h5 gxh5 45. gxh5 Kd4 46. Ke1 Ke3 47. h6 g5 48. h7 g4 49. h8=Q d2# 0-1

[Event "Early-Titled-Tuesday-Blitz-March-19-2024"]
[Site "Chess.com"]
[Date "2024.03.19"]
[Round "5"]
[White "Herzog2012"]
[Black "Meri-Arabidze"]
[Result "1-0"]
[WhiteElo "2536"]
[BlackElo "2675"]
[TimeControl "180+1"]
[EndTime "8:57:17 PDT"]
[Termination "Herzog2012 won on time"]

1. e4 e5 2. Nc3 Nc6 3. g3 Bc5 4. Bg2 Nf6 5. Nge2 d6 6. O-O a6 7. d3 Bg4 8. h3 Be6 9. Nd5 Qd7 10. c3 Ba7 11. Kh2 h5 12. d4 exd4 13. Nxf6+ gxf6 14. Nxd4 O-O-O 15. Be3 Nxd4 16. Bxd4 Bxd4 17. Qxd4 f5 18. Qa7 c6 19. e5 dxe5 20. Rfd1 Qc7 21. b4 h4 22. a4 hxg3+ 23. fxg3 e4 24. b5 f4 25. bxa6 fxg3+ 26. Kg1 Qb8 27. Qb6 Qc7 28.
Qa7 Qb8 29. Qc5 Qc7 30. a7 1-0

[Event "Early-Titled-Tuesday-Blitz-March-19-2024"]
[Site "Chess.com"]
[Date "2024.03.19"]
[Round "5"]
[White "Matrix3x3a"]
[Black "Ergali_Suleimen"]
[Result "1-0"]
[WhiteElo "2632"]
[BlackElo "2455"]
[TimeControl "180+1"]
[EndTime "8:57:17 PDT"]
[Termination "Matrix3x3a won on time"]

1. d4 Nf6 2. c4 g6 3. Nc3 Bg7 4.
e4 d6 5. Be2 O-O 6. Nf3 e5 7.
Be3 exd4 8. Nxd4 Re8 9. f3 c6 10. Bf2 d5 11. exd5 cxd5 12. c5 Nc6 13. O-O Nh5 14.
Qd2 Be5 15. g3 Ng7 16. Rfd1 Nf5 17. Nxf5 Bxf5 18. Nxd5 Nd4 19. Bxd4 Qxd5 20. Bf2 Qc6 21. Rac1 Bf6 22. b4 Rad8 23. Qe1 Bd3 24. Rxd3 Rxd3 25.
Qf1 Rdd8 26. Bb5 Qxf3 27. Bxe8 Rxe8 28. Re1 Rd8 29. Qe2 Qf5 30. Qe4 Qd7 31. Re2 h5 32.
Kg2 Kg7 33. a4 Qd1 34. b5 Qc1 35. Qxb7 Rd1 36. Qe4 Rh1 37. Re1 Rxe1 38. Qxe1 Qc4 39. c6 Qxa4 40. Qe2 Qa1 41. Qc4 h4 42. gxh4 1-0

[Event "Early-Titled-Tuesday-Blitz-March-19-2024"]
[Site "Chess.com"]
[Date "2024.03.19"]
[Round "5"]
[White "maurovargas01"]
[Black "ImportedItalianMaple"]
[Result "0-1"]
[WhiteElo "1828"]
[BlackElo "2518"]
[TimeControl "180+1"]
[EndTime "8:57:17 PDT"]
[Termination "ImportedItalianMaple won on time"]

1. e4 g6 2. Nc3 Bg7 3. f4 c6 4. Nf3 d5 5. d3 Bg4 6. g3 dxe4 7. Nxe4 Nf6 8. Nxf6+ exf6 9. Bg2 Qe7+ 10. Qe2 Qxe2+ 11. Kxe2 Na6 12. c3 O-O-O 13. Kf2 Rxd3 14. Be3 Nc7 15.
Nd4 Re8 16. Rhe1 Nd5 17. Bxd5 cxd5 18. Nb5 Bf8 19. Nxa7+ Kd7 20. Nb5 h5 21. Nd4 Bc5 22. Nc2 Rd2+ 23. Kg1 b6 24. Bxc5 bxc5 25. Ne3 Kc6 26.
Rab1 Bf3 27. a3 g5 28. Nf5 Be4 29. Ne3 gxf4 30. gxf4 Rg8+ 31. Kf1 Bd3+ 0-1

[Event "Early-Titled-Tuesday-Blitz-March-19-2024"]
[Site "Chess.com"]
[Date "2024.03.19"]
[Round "5"]
[White "francyIM"]
[Black "Statham_01"]
[Result "1-0"]
[WhiteElo "2828"]
[BlackElo "2598"]
[TimeControl "180+1"]
[EndTime "8:57:19 PDT"]
[Termination "francyIM won by checkmate"]

1. c4 e5 2. Nc3 Nf6 3. Nf3 e4 4. Nd4 Nc6 5. Nc2 Bc5 6. e3 d6 7. Rb1 Ne5 8. b4 Bb6 9. d4 exd3 10. Bxd3 Bg4 11. Be2 Qd7 12. f3 Be6 13. Nd5 Bxd5 14. cxd5 O-O 15. e4 a5 16. b5 a4 17. Be3 Ba5+ 18.
Kf1 c6 19. dxc6 bxc6 20. bxc6 Qxc6 21. Nd4 Qc3 22. Qc1 d5 23. Qxc3 Bxc3 24. Nb5 Ba5 25.
Bd4 Rfe8 26. Nd6 Re6 27. Bxe5 Rxe5 28. f4 Rxe4 29. Nxe4 Nxe4 30. Rc1 Bd2 31. Rc2 Rb8 32. g3 g5 33. fxg5 Bxg5 34. Kg2 d4 35. Rd1 Be3 36.
Bd3 Nc3 37. Rf1 a3 38. Bc4 Rb2 39. Bd3 Nxa2 40. Rxb2 axb2 41. Kf3 Nc3 42. Kg4 Kg7 43. h4 h6 44. Kh3 Bc1 45. g4 Bd2 46. g5 hxg5 47.
h5 f6 48. Kg4 Bf4 49. Re1 Bd2 50. Re7+ Kf8 51. Rb7 Kg8 52. h6 Kh8 53. Rb8# 1-0

[Event "Early-Titled-Tuesday-Blitz-March-19-2024"]
[Site "Chess.com"]
[Date "2024.03.19"]
[Round "5"]
[White "VincentKeymer"]
[Black "Nitzan_Steinberg"]
[Result "1-0"]
[WhiteElo "3068"]
[BlackElo "2875"]
[TimeControl "180+1"]
[EndTime "8:57:21 PDT"]
[Termination "VincentKeymer won by resignation"]

1. Nf3 d5 2. e3 Nf6 3. c4 c6 4. Nc3 e6 5. b3 Nbd7 6. Bb2 Bd6 7.
Qc2 a6 8. d4 b5 9. Bd3 O-O 10. O-O Qe7 11. e4 dxc4 12. bxc4 e5 13. Ne2 Re8 14. Rad1 Rb8 15. Ng3 g6 16. Rfe1 c5 17.
d5 b4 18. Qd2 Qf8 19. h3 a5 20. Rf1 Nb6 21. Qg5 Qg7 22. Nh2 h6 23. Qc1 a4 24.
f4 exf4 25. Rxf4 Nbd7 26. Ng4 Be5 27. Bxe5 Rxe5 28. Rxf6 Nxf6 29. Nxe5 Nxd5 30. Nc6 Nc3 31. Nxb8 Nxd1 32. Qxd1 Qe5 33. Nc6 Qxg3 34. Ne7+ Kh7 35. Nxc8 b3 36. axb3 a3 37. Bb1 Qe3+ 38. Kh1 Qd4 39.
Qxd4 cxd4 40. Nd6 d3 41. Nb5 d2 42. Nc3 1-0

[Event "Early-Titled-Tuesday-Blitz-March-19-2024"]
[Site "Chess.com"]
[Date "2024.03.19"]
[Round "5"]
[White "Sina_Movahed"]
[Black "MetiForce"]
[Result "1-0"]
[WhiteElo "3091"]
[BlackElo "2918"]
[TimeControl "180+1"]
[EndTime "8:57:22 PDT"]
[Termination "Sina_Movahed won by checkmate"]

1. e4 g6 2. d4 Bg7 3. Nc3 c6 4. f4 d5 5. e5 Nh6 6. Nf3 f6 7. Bd3 Bg4 8. O-O O-O 9. Ne2 Bxf3 10. Rxf3 e6 11. c3 fxe5 12. dxe5 c5 13. Be3 b6 14. Kh1 Nc6 15. Bg1 Qc7 16. Qd2 Rad8 17. Raf1 Nf5 18. g4 Nfe7 19. Ng3 Qb7 20. h4 c4 21. Bb1 b5 22. h5 d4 23. Be4 dxc3 24. Qxc3 Qd7 25. Bc5 g5 26. Bxc6 Qxc6 27. Bxe7 Rd3 28. Bxf8 Rxc3 29. bxc3 Bxf8 30. fxg5 Be7 31. Kh2 Bxg5 32. Rf8+ Kg7 33. R1f7+ Kh6 34. Rh8 Bd2 35. Rhxh7+ Kg5 36. Kh3 Bxc3 37. Rhg7+ Kh6 38. Rg6# 1-0

[Event "Early-Titled-Tuesday-Blitz-March-19-2024"]
[Site "Chess.com"]
[Date "2024.03.19"]
[Round "5"]
[White "ccccvhhhj"]
[Black "Fh2411"]
[Result "0-1"]
[WhiteElo "2469"]
[BlackElo "2643"]
[TimeControl "180+1"]
[EndTime "8:57:22 PDT"]
[Termination "Fh2411 won by checkmate"]

1. e4 c6 2. d4 d5 3. e5 Bf5 4.
Nc3 e6 5. g4 Bg6 6. Nge2 c5 7.
h4 h5 8. Nf4 Bh7 9. g5 cxd4 10.
Nb5 Be4 11. f3 Bf5 12. Nxd4 Ne7 13. Bd3 Bxd3 14. Qxd3 g6 15. Bd2 Nbc6 16. Nxc6 Nxc6 17. Nxg6 fxg6 18. Qxg6+ Kd7 19. f4 Ne7 20. Qd3 Qc7 21.
O-O-O Nf5 22. Kb1 Rc8 23. Bc3 Qc4 24. Qd2 Kc7 25. b3 Qc6 26. Bb2 Kb8 27. Rh3 Bc5 28.
Qe2 a6 29. a3 Qb5 30. Qd2 Bb6 31. a4 Qc5 32. Qe2 Ba5 33. Rhd3 Bb6 34. Rh3 Qf2 35. Qd3 Qxf4 36. Rf3 Qxh4 37. Rxf5 exf5 38. Qxf5 Qe4 39.
Qd7 Qxc2+ 40. Ka2 Qxd1 41. e6 Rhd8 42. Qf7 Bd4 43. e7 Bxb2 44. Kxb2 Qc1+ 45. Ka2 Rc2# 0-1

[Event "Early-Titled-Tuesday-Blitz-March-19-2024"]
[Site "Chess.com"]
[Date "2024.03.19"]
[Round "5"]
[White "DvaHrasta"]
[Black "Let_it_be_1"]
[Result "1-0"]
[WhiteElo "2481"]
[BlackElo "2613"]
[TimeControl "180+1"]
[EndTime "8:57:22 PDT"]
[Termination "DvaHrasta won by resignation"]

1. c4 e6 2. g3 d5 3. d4 Nf6 4.
Bg2 Be7 5. Nf3 O-O 6. O-O dxc4 7.
Nbd2 c5 8. Nxc4 Nc6 9. dxc5 Bxc5 10. Bg5 h6 11. Qxd8 Rxd8 12. Bxf6 gxf6 13. Rfd1 Bd7 14. Rac1 Be7 15. Nd4 Rac8 16. Nxc6 Bxc6 17. Rxd8+ Bxd8 18. Nd6 Rc7 19. Bxc6 bxc6 20. Ne4 f5 21. Nc5 Be7 22. Nd3 c5 23. b3 Kf8 24. Rc4 Bd6 25. Rh4 Kg7 26.
Ra4 Kf6 27. f4 Kg6 28. Kf1 f6 29. Ke1 Kf7 30. Kd2 e5 31. Ra6 Ke7 32. Kc3 h5 33. Kc4 h4 34. Ra5 hxg3 35. hxg3 Kf7 36. e3 Ke6 37. Nxc5+ Bxc5 38. Rxc5 Rg7 39. Rc6+ Kd7 40. Rxf6 Rxg3 41. Rxf5 exf4 42. exf4 Rf3 43. Kd4 Kc6 44. Ke4 Rf2 45. Ra5 Kb6 46. Ra4 a5 47. Ke5 Re2+ 48. Kf6 Kb5 49. f5 Rf2 50. Kg6 Rg2+ 51. Kf7 Rf2 52. f6 Re2 53. Kf8 Rf2 54. f7 Re2 55. Rg4 1-0

[Event "Early-Titled-Tuesday-Blitz-March-19-2024"]
[Site "Chess.com"]
[Date "2024.03.19"]
[Round "5"]
[White "pfalcon1949"]
[Black "lluiss"]
[Result "1-0"]
[WhiteElo "1982"]
[BlackElo "2235"]
[TimeControl "180+1"]
[EndTime "8:57:23 PDT"]
[Termination "pfalcon1949 won on time"]

1. e4 c5 2. Nf3 d6 3. d4 cxd4 4. Nxd4 Nf6 5. Nc3 g6 6. Be3 Bg7 7. f3 O-O 8. Bc4 Nc6 9. Qe2 Nxd4 10. Bxd4 Be6 11. Bxe6 fxe6 12. O-O-O Rc8 13. e5 Nh5 14. g3 d5 15. f4 Qa5 16. Kb1 Rc4 17. Qg4 Qa6 18. b3 Rc6 19. Kb2 Bh6 20. Qh4 Qa5 21.
g4 Rxf4 22. Qxe7 Rxd4 23. Qe8+ Bf8 24. Rxd4 Qxc3+ 25. Kb1 Ng7 26. Rhd1 Qxc2+ 27. Ka1 Qc3+ 28. Kb1 Qc2+ 29. Ka1 Qxh2 30. R4d2 Qxe5+ 31. Kb1 Qe4+ 32. Ka1 Qe5+ 33. Kb1 Qe4+ 34. Ka1 Qxg4 35. Qb8 Qf5 36. Qxb7 Qe5+ 37. Kb1 Qe4+ 38. Kb2 d4 39. Qb5 e5 40.
Qd3 Qxd3 41. Rxd3 1-0